 Dungeon Crawl Stone Soup version 0.18-a0-1789-gbeff17f (webtiles) character file.

55 macross the Skirmisher (level 3, -10/30 HPs)
             Began as a Demonspawn Chaos Knight on Apr 21, 2016.
             Mangled by a death cob (14 damage)
             ... on level 2 of the Dungeon.
             The game lasted 00:06:08 (1208 turns).

macross the Skirmisher (Demonspawn Chaos Knight)    Turns: 1208, Time: 00:06:11

Health: -10/30     AC:  0    Str: 13    XL:     3   Next: 67%
Magic:  3/3        EV: 18    Int: 13    God:    Xom [*.....]
Gold:   63         SH:  0    Dex: 12    Spells: 0 memorised, 2 levels left

rFire  . . .     SeeInvis .     (weapon currently unavailable)
rCold  . . .     Gourm    .     (armour currently unavailable)
rNeg   . . .     Faith    .     (shield currently unavailable)
rPois  .         Spirit   .     (helmet currently unavailable)
rElec  .         Dismiss  .     (cloak currently unavailable)
rCorr  .         Reflect  .     (gloves currently unavailable)
SustAt .         Harm     .     (boots currently unavailable)
MR     .....                    (amulet currently unavailable)
Stlth  +.........               (ring currently unavailable)
                                (ring currently unavailable)

@: porcupine-form, very slightly contaminated, slowed, invisible, slow, not
resistant to hostile enchantments, very unstealthy
A: foul stench 1, rot immunity
a: Renounce Religion


You were on level 2 of the Dungeon.
You worshipped Xom.
You were a special plaything of Xom.
You were not hungry.
You were a spiny porcupine.
You visited 1 branch of the dungeon, and saw 2 of its levels.

You collected 63 gold pieces.

Inventory:

Hand Weapons
 a - a +0 hand axe of chaos
 e - a +0 club
 h - a +0 hand axe
 k - a cursed -2 dagger (melded)
Armour
 b - a +2 leather armour (melded)
 d - a +0 robe
 f - a +0 leather armour
Scrolls
 j - a scroll of identify
Potions
 g - 2 potions of cancellation {unknown}


   Skills:
 + Level 3.7 Fighting
 + Level 3.4 Axes
 + Level 1.7 Armour
 + Level 1.5 Dodging


You had 2 spell levels left.
You didn't know any spells.

Dungeon Overview and Level Annotations

Branches:
Dungeon (2/15)

Altars:
Fedhas
Yredelemnul


Innate Abilities, Weirdness & Mutations

You may emit foul miasma when damaged in melee.
You are immune to rotting.


Message History

The area is suffused with divine lightning!
The blast of lightning engulfs you! You resist.
* * * LOW HITPOINT WARNING * * *
The blast of lightning engulfs the plant.
The blast of lightning engulfs the death cob.
The blast of lightning engulfs the fungus.
The fungus is destroyed!
The blast of lightning engulfs the plant.
The plant is destroyed!
The blast of lightning engulfs the plant.
The blast of lightning engulfs the fungus.
The fungus is destroyed!
The blast of lightning engulfs the fungus.
The fungus is destroyed!
The blast of lightning engulfs the plant.
The plant is destroyed!
The blast of lightning engulfs the plant.
Your divine protection wanes.
The death cob hits you!
You die...
Xom thinks this is hilarious!

#§# #.≈≈≈≈≈≈≈≈≈≈≈.#PP
#.###.≈≈≈≈...≈≈≈≈.PP##
#§§...≈≈≈≈._......PPP
#####.≈≈≈≈...≈≈≈≈.P.###
#PP.≈≈≈≈≈≈≈≈≈≈≈.#PPP#
#P...≈≈≈≈≈≈≈≈≈..PPP.#
##PP..≈≈≈≈≈≈≈...PPPP#
#P.PP..≈≈≈≈≈...#P.P#
###.PP.......rz.P%#


#PPPPPPP#PP#P...P%%P# #.P##PP..P#P.#.P.%.## #P# #PPP#PPP.P#P%PP# ##
PP.#PPPP.PPPPPP.P# ################### You could see a death cob.

Vanquished Creatures
  An ooze (D:1)
  2 dart slugs
  2 giant geckos
  7 giant cockroaches
  5 goblins
  5 hobgoblins
  3 jackals (D:1)
  4 kobolds
  4 bats
  2 giant newts
  4 rats (D:1)
39 creatures vanquished.

Vanquished Creatures (collateral kills)
  2 fungi (D:2)
  2 plants (D:2)
4 creatures vanquished.

Vanquished Creatures (others)
  3 fungi (D:2)
  2 plants (D:2)
5 creatures vanquished.

Grand Total: 48 creatures vanquished

Notes
Turn   | Place    | Note
--------------------------------------------------------------
     0 | D:1      | macross the Demonspawn Chaos Knight began the quest for the Orb.
     0 | D:1      | Reached XP level 1. HP: 18/18 MP: 1/1
    13 | D:1      | XOM: divination: detect creatures
    25 | D:1      | XOM: harmless Air miscast
    33 | D:1      | Reached skill level 1 in Dodging
    43 | D:1      | Gained mutation: You are immune to rotting. [demonic ancestry]
    43 | D:1      | Reached XP level 2. HP: 22/24 MP: 2/2
   322 | D:1      | Gained mutation: You may emit foul miasma when damaged in melee. [demonic ancestry]
   322 | D:1      | Reached XP level 3. HP: 22/29 MP: 3/3
   326 | D:1      | XOM: colour smoke trail
   566 | D:2      | Found a basalt altar of Yredelemnul.
   630 | D:2      | XOM: potion effect (brilliance)
   684 | D:2      | XOM: harmless Ice miscast
   761 | D:2      | XOM: colour smoke trail
   986 | D:2      | XOM: colour smoke trail
   996 | D:2      | Found a blossoming altar of Fedhas.
  1008 | D:2      | Noticed an oklob plant
  1010 | D:2      | XOM: summons friendly iron imp
  1060 | D:2      | XOM: cast spell 'Olgreb's Toxic Radiance'
  1092 | D:2      | XOM: polymorph iron imp -> ufetubus
  1143 | D:2      | XOM: enchant monster (bad)
  1145 | D:2      | XOM: divination: detect items
  1182 | D:2      | XOM: potion effect (invisibility)
  1203 | D:2      | Noticed a death cob
  1203 | D:2      | an oklob plant changed into a death cob
  1203 | D:2      | XOM: polymorph oklob plant -> death cob
  1204 | D:2      | XOM: noise
  1207 | D:2      | XOM: medium Trmt miscast
  1207 | D:2      | HP: 1/30 [death cob (15)]
  1208 | D:2      | XOM: divine lightning (protected)
  1208 | D:2      | Mangled by a death cob

Vault maps used:
D:1:      roderic_dead_forest, st_stairs_8, minmay_bisected
D:2:      wad_pebble_path, yredelemnul_altar_generic,
          wad_floor_pattern_untrapped, mrwooster_statue_mirror, tgw_fedhas

Skill      XL: |  1 |
---------------+----+-----
Dodging        | 1 |  1.5
Axes           | 3 |  3.4
Fighting       | |  3.7
Armour         | |  1.7

Action                   || total
-------------------------++-------
Melee: Hand axe          ||   103
       Dagger            ||   104
  Use: Scroll            ||     3
       Potion            ||     1
 Stab: Confused          ||     1
  Eat: Bread ration      ||     1
Armor: Leather armour    ||    70
Dodge: Dodged            ||    89
